MLB
CHICAGO CUBS @ MILWAUKEE BREWERS
08/08/2020
 
TOP OF THE 1ST
Chicago Cubs batting - Pitching for Milwaukee Brewers : RHP Lance McCullers Jr.
Pitching: RHP Lance McCullers Jr.
Batting: RHB Michael A. Taylor 0-0: Called Strike
0-1: Swinging Strike
0-2: Strikes out swinging
Batting: RHB Lourdes Gurriel Jr. 0-0: Called Strike
0-1: Foul Ball, location: 2F
0-2: Ball
1-2: Foul Ball, location: 2F
1-2: Strikes out swinging
Batting: LHB Cody Bellinger 0-0: Ball
1-0: Swinging Strike
1-1: Called Strike
1-2: Ball
2-2: Fly out, F9 (Flyball, 9LM, EV 84.4 MPH)
Top of the 1st over - 0 runs, 0 hits, 0 errors, 0 left on base; Chicago 0 - Milwaukee 0
BOTTOM OF THE 1ST
Milwaukee Brewers batting - Pitching for Chicago Cubs : RHP Zach Plesac
Pitching: RHP Zach Plesac
Batting: RHB Tommy Pham 0-0: Called Strike
0-1: Ball
1-1: Called Strike
1-2: SINGLE (Flyball, 34D, EV 95.6 MPH)
Batting: LHB Jeff McNeil 0-0: Fly out, F5 (Popup, 15, EV 80.0 MPH)
Batting: RHB Eugenio Suarez 0-0: Ball
1-0: Fly out, F4 (Popup, 4M, EV 70.6 MPH)
Batting: RHB Aaron Judge 0-0: Ball
1-0: Ball
2-0: Called Strike
2-1: Called Strike
2-2: Strikes out looking
Bottom of the 1st over - 0 runs, 1 hit, 0 errors, 1 left on base; Chicago 0 - Milwaukee 0
TOP OF THE 2ND
Chicago Cubs batting - Pitching for Milwaukee Brewers : RHP Lance McCullers Jr.
Batting: SHB Yoan Moncada 0-0: Ball
1-0: Fly out, F1 (Line Drive, P, EV 66.9 MPH)
Batting: RHB Paul DeJong 0-0: Foul Ball, location: 2F
0-1: Ball
1-1: Foul Ball, location: 2F
1-2: Strikes out swinging
Batting: LHB Brandon Lowe 0-0: Called Strike
0-1: Foul Ball, location: 2F
0-2: Ball
1-2: Strikes out swinging
Top of the 2nd over - 0 runs, 0 hits, 0 errors, 0 left on base; Chicago 0 - Milwaukee 0
BOTTOM OF THE 2ND
Milwaukee Brewers batting - Pitching for Chicago Cubs : RHP Zach Plesac
Batting: RHB Gary Sanchez 0-0: Ball
1-0: Ball
2-0: DOUBLE (Flyball, 78D, EV 108.8 MPH)
Batting: LHB Eric Hosmer 0-0: Called Strike
0-1: Fly out, F5 (Popup, 56S, EV 88.8 MPH)
Batting: RHB Bo Bichette 0-0: Fly out, F5 (Popup, 5SF, EV 63.8 MPH)
Batting: RHB Yonathan Daza 0-0: Ball
1-0: Called Strike
1-1: Swinging Strike
1-2: Ball
2-2: Strikes out swinging
Bottom of the 2nd over - 0 runs, 1 hit, 0 errors, 1 left on base; Chicago 0 - Milwaukee 0
TOP OF THE 3RD
Chicago Cubs batting - Pitching for Milwaukee Brewers : RHP Lance McCullers Jr.
Batting: RHB Hunter Dozier 0-0: Foul Ball, location: 2F
0-1: Foul Ball, location: 2F
0-2: Ball
1-2: Foul Ball, location: 2F
1-2: Ball
2-2: Foul Ball, location: 2F
2-2: Ball
3-2: SINGLE (Groundball, 56D, EV 100.0 MPH)
Batting: RHB Tyler Flowers 0-0: Called Strike
0-1: Foul Ball, location: 2F
0-2: Strikes out swinging
Batting: RHB Zach Plesac 0-0: Sac Bunt to 2R - play at second, runner OUT! 2-6
Batting: RHB Michael A. Taylor 0-0: Ball
1-0: Called Strike
1-1: Called Strike
1-2: Ball
2-2: 2-RUN HOME RUN (Flyball, 9LD, EV 100.6 MPH), Distance : 376 ft
Batting: RHB Lourdes Gurriel Jr. 0-0: Swinging Strike
0-1: Ball
1-1: Ball
2-1: Ball
3-1: Called Strike
3-2: Strikes out swinging
Top of the 3rd over - 2 runs, 2 hits, 0 errors, 0 left on base; Chicago 2 - Milwaukee 0
BOTTOM OF THE 3RD
Milwaukee Brewers batting - Pitching for Chicago Cubs : RHP Zach Plesac
Batting: LHB Lance McCullers Jr. 0-0: Called Strike
0-1: SINGLE (Line Drive, 6MD, EV 93.8 MPH)
Batting: RHB Tommy Pham 0-0: Ball
1-0: Swinging Strike
1-1: Called Strike
1-2: Foul Ball, location: 2F
1-2: Foul Ball, location: 2F
1-2: Foul Ball, location: 2F
1-2: Reached on error, E5 (Groundball, 56, EV 90.0 MPH)
Lance McCullers Jr. to second
Batting: LHB Jeff McNeil 0-0: Ball
1-0: Called Strike
1-1: Ball
2-1: Swinging Strike
2-2: Foul Ball, location: 2F
2-2: Strikes out swinging
Batting: RHB Eugenio Suarez 0-0: SINGLE (Line Drive, 7LS, EV 101.9 MPH)
Lance McCullers Jr. to third
Tommy Pham to second
Runner from 3rd tries for Home, SAFE, throw by LF to home
Batting: RHB Aaron Judge 0-0: Ball
1-0: Fly out, F7 (Line Drive, 7, EV 94.4 MPH)
Batting: RHB Gary Sanchez 0-0: Fly out, F7 (Flyball, 7LM, EV 76.9 MPH)
Bottom of the 3rd over - 1 run, 2 hits, 1 error, 2 left on base; Chicago 2 - Milwaukee 1
TOP OF THE 4TH
Chicago Cubs batting - Pitching for Milwaukee Brewers : RHP Lance McCullers Jr.
Batting: LHB Cody Bellinger 0-0: Ball
1-0: Fly out, F8 (Flyball, 89D, EV 95.6 MPH)
Batting: SHB Yoan Moncada 0-0: Called Strike
0-1: Ball
1-1: Foul Ball, location: 5F, Error on foul ball, E5
1-2: Fly out, F9 (Flyball, 9LM, EV 95.6 MPH)
Batting: RHB Paul DeJong 0-0: Ball
1-0: Ball
2-0: Called Strike
2-1: Swinging Strike
2-2: Strikes out swinging
Top of the 4th over - 0 runs, 0 hits, 1 error, 0 left on base; Chicago 2 - Milwaukee 1
BOTTOM OF THE 4TH
Milwaukee Brewers batting - Pitching for Chicago Cubs : RHP Zach Plesac
Batting: LHB Eric Hosmer 0-0: Ball
1-0: Ball
2-0: Ball
3-0: Base on Balls
Batting: RHB Bo Bichette 0-0: Ball
1-0: Ball
2-0: Fly out, F7 (Flyball, 7D, EV 103.8 MPH)
Batting: RHB Yonathan Daza 0-0: SINGLE (Groundball, 4MS, EV 66.9 MPH) (infield hit)
Eric Hosmer to second
Batting: LHB Lance McCullers Jr. 0-0: Sac Bunt to 13S - play at first, batter OUT! 1-4
Eric Hosmer to third
Yonathan Daza to second
Batting: RHB Tommy Pham 0-0: Foul Ball, location: 2F
0-1: Swinging Strike
0-2: Ground out U3 (Groundball, 3, EV 80.6 MPH)
Bottom of the 4th over - 0 runs, 1 hit, 0 errors, 2 left on base; Chicago 2 - Milwaukee 1
TOP OF THE 5TH
Chicago Cubs batting - Pitching for Milwaukee Brewers : RHP Lance McCullers Jr.
Batting: LHB Brandon Lowe 0-0: Called Strike
0-1: Foul Ball, location: 2F
0-2: Foul Ball, location: 2F
0-2: Ball
1-2: Ball
2-2: Foul Ball, location: 2F
2-2: Strikes out swinging
Batting: RHB Hunter Dozier 0-0: Foul Ball, location: 2F
0-1: Foul Ball, location: 2F
0-2: Ball
1-2: Foul Ball, location: 2F
1-2: Ground out 6-3 (Groundball, 6, EV 98.1 MPH)
Batting: RHB Tyler Flowers 0-0: Foul Ball, location: 2F
0-1: Called Strike
0-2: Ball
1-2: Ball
2-2: Foul Ball, location: 2F
2-2: Ball
3-2: SINGLE (Groundball, 6MD, EV 106.9 MPH)
Batting: RHB Zach Plesac 0-0: Fly out, F9 (Flyball, 9D, EV 85.6 MPH)
Top of the 5th over - 0 runs, 1 hit, 0 errors, 1 left on base; Chicago 2 - Milwaukee 1
BOTTOM OF THE 5TH
Milwaukee Brewers batting - Pitching for Chicago Cubs : RHP Zach Plesac
Batting: LHB Jeff McNeil 0-0: Called Strike
0-1: Swinging Strike
0-2: SINGLE (Line Drive, 78S, EV 96.3 MPH)
Batting: RHB Eugenio Suarez 0-0: Foul Ball, location: 2F
0-1: Swinging Strike
0-2: Ball
1-2: Foul Ball, location: 2F
1-2: Ball
2-2: Ball
3-2: Base on Balls
Jeff McNeil to second
Batting: RHB Aaron Judge 0-0: Ball
1-0: Ball
2-0: Grounds into double play, 6-4-3 (Groundball, 6M, EV 83.1 MPH)
Jeff McNeil to third
Batting: RHB Gary Sanchez 0-0: Ball
1-0: Ball
2-0: Hit by Pitch
Batting: LHB Eric Hosmer 0-0: Ball
1-0: Ball
2-0: Ball
3-0: Called Strike
3-1: Ground out 1-3 (Groundball, 13S, EV 71.9 MPH)
Bottom of the 5th over - 0 runs, 1 hit, 0 errors, 2 left on base; Chicago 2 - Milwaukee 1
TOP OF THE 6TH
Chicago Cubs batting - Pitching for Milwaukee Brewers : RHP Lance McCullers Jr.
Batting: RHB Michael A. Taylor 0-0: Ball
1-0: Called Strike
1-1: Foul Ball, location: 2F
1-2: Strikes out swinging
Batting: RHB Lourdes Gurriel Jr. 0-0: Called Strike
0-1: Swinging Strike
0-2: Ball
1-2: Strikes out swinging
Batting: LHB Cody Bellinger 0-0: Foul Ball, location: 2F
0-1: Swinging Strike
0-2: Ground out U3 (Groundball, 3, EV 102.5 MPH)
Top of the 6th over - 0 runs, 0 hits, 0 errors, 0 left on base; Chicago 2 - Milwaukee 1
BOTTOM OF THE 6TH
Milwaukee Brewers batting - Pitching for Chicago Cubs : RHP Zach Plesac
Batting: RHB Bo Bichette 0-0: Foul Ball, location: 2F
0-1: Swinging Strike
0-2: Ball
1-2: Ground out 6-3 (Groundball, 6, EV 90.6 MPH)
Batting: RHB Yonathan Daza 0-0: Called Strike
0-1: Ball
1-1: Swinging Strike
1-2: Strikes out swinging
Pinch Hitting: LHB Ben Gamel 0-0: Ball
1-0: Ball
2-0: Foul Ball, location: 2F
2-1: Swinging Strike
2-2: Ground out U3 (Groundball, 3, EV 81.3 MPH)
Bottom of the 6th over - 0 runs, 0 hits, 0 errors, 0 left on base; Chicago 2 - Milwaukee 1
TOP OF THE 7TH
Chicago Cubs batting - Pitching for Milwaukee Brewers : RHP Lance McCullers Jr.
Pitching: RHP Andrew Kittredge
Batting: SHB Yoan Moncada 0-0: Called Strike
0-1: Ball
1-1: Ball
2-1: Foul Ball, location: 2F
2-2: Strikes out swinging
Batting: RHB Paul DeJong 0-0: Ball
1-0: Swinging Strike
1-1: Called Strike
1-2: Ball
2-2: Ball
3-2: Strikes out swinging
Batting: LHB Brandon Lowe 0-0: Ball
1-0: Swinging Strike
1-1: Foul Ball, location: 2F
1-2: Ball
2-2: Ball
3-2: SINGLE (Groundball, 34D, EV 106.3 MPH)
Batting: RHB Hunter Dozier 0-0: Ball
1-0: Called Strike
1-1: Fielders Choice at 2nd, 4-6 (Groundball, 6M, EV 109.4 MPH)
Top of the 7th over - 0 runs, 1 hit, 0 errors, 1 left on base; Chicago 2 - Milwaukee 1
BOTTOM OF THE 7TH
Milwaukee Brewers batting - Pitching for Chicago Cubs : RHP Zach Plesac
Pitching: RHP Juan Nicasio
Batting: RHB Tommy Pham 0-0: Ground out 3-1 (Groundball, 34, EV 86.9 MPH)
Batting: LHB Jeff McNeil 0-0: Ball
1-0: Called Strike
1-1: Foul Ball, location: 2F
1-2: Ground out U3 (Groundball, 3S, EV 80.6 MPH)
Batting: RHB Eugenio Suarez 0-0: Swinging Strike
0-1: Ball
1-1: Called Strike
1-2: Strikes out swinging
Bottom of the 7th over - 0 runs, 0 hits, 0 errors, 0 left on base; Chicago 2 - Milwaukee 1
TOP OF THE 8TH
Chicago Cubs batting - Pitching for Milwaukee Brewers : RHP Andrew Kittredge
Pitching: RHP Chad Green
Batting: RHB Tyler Flowers 0-0: Swinging Strike
0-1: Swinging Strike
0-2: Ball
1-2: Strikes out looking
Pinch Hitting: RHB Mac Williamson 0-0: Ball
1-0: Called Strike
1-1: Ball
2-1: Foul Ball, location: 2F
2-2: Strikes out looking
Batting: RHB Michael A. Taylor 0-0: Called Strike
0-1: Foul Ball, location: 2F
0-2: Ball
1-2: Foul Ball, location: 2F
1-2: Foul Ball, location: 2F
1-2: Strikes out swinging
Top of the 8th over - 0 runs, 0 hits, 0 errors, 0 left on base; Chicago 2 - Milwaukee 1
BOTTOM OF THE 8TH
Milwaukee Brewers batting - Pitching for Chicago Cubs : RHP Juan Nicasio
Pitching: RHP Joe Kuzia
Batting: RHB Aaron Judge 0-0: Called Strike
0-1: Swinging Strike
0-2: Ball
1-2: Strikes out swinging
Batting: RHB Gary Sanchez 0-0: Ball
1-0: Ball
2-0: Ground out 4-3 (Groundball, 4, EV 96.3 MPH)
Batting: LHB Eric Hosmer 0-0: Ball
1-0: Ball
2-0: Ball
3-0: Called Strike
3-1: Called Strike
3-2: Base on Balls
Batting: RHB Bo Bichette 0-0: Called Strike
0-1: Swinging Strike
0-2: Strikes out swinging
Bottom of the 8th over - 0 runs, 0 hits, 0 errors, 1 left on base; Chicago 2 - Milwaukee 1
TOP OF THE 9TH
Chicago Cubs batting - Pitching for Milwaukee Brewers : RHP Chad Green
Pitching: RHP Joel Kuhnel
Batting: RHB Lourdes Gurriel Jr. 0-0: Called Strike
0-1: Foul Ball, location: 2F
0-2: Ball
1-2: Foul Ball, location: 2F
1-2: Ball
2-2: Fly out, F9 (Line Drive, 9, EV 84.4 MPH)
Batting: LHB Cody Bellinger 0-0: Foul Ball, location: 2F
0-1: Swinging Strike
0-2: Strikes out swinging
Batting: SHB Yoan Moncada 0-0: Fly out, F6 (Popup, 4M, EV 59.4 MPH)
Top of the 9th over - 0 runs, 0 hits, 0 errors, 0 left on base; Chicago 2 - Milwaukee 1
BOTTOM OF THE 9TH
Milwaukee Brewers batting - Pitching for Chicago Cubs : RHP Joe Kuzia
Pinch Hitting: LHB Brad Miller 0-0: Ball
1-0: SINGLE (Line Drive, 9S, EV 93.1 MPH)
Pinch Hitting: LHB Mason Williams 0-0: Called Strike
0-1: Ball
1-1: Foul Ball, location: 2F
1-2: Strikes out swinging
Batting: RHB Tommy Pham 0-0: Sac Bunt to 23 - play at first, batter OUT! 3-4
Brad Miller to second
Batting: LHB Jeff McNeil 0-0: Ball
1-0: Called Strike
1-1: Ball
2-1: Ground out U3 (Groundball, 34S, EV 82.5 MPH)
Bottom of the 9th over - 0 runs, 1 hit, 0 errors, 1 left on base; Chicago 2 - Milwaukee 1
Tuesday, October 6th, 2020 - OOTP Baseball 21.6 Build 83